 Dungeon Crawl Stone Soup version 0.29-a0-821-g66395355a5 (webtiles) character file.

Game seed: 13165116241091529115

81 kevlar127 the Ruffian (level 4, -1/67 HPs)
             Began as a Troll Berserker on July 7, 2022.
             Was a Believer of Trog.
             Slain by a goblin
             ... wielding a +0 club
             ... led by Robin
              (2 damage)
             ... on level 3 of the Dungeon.
             The game lasted 00:02:48 (1167 turns).

kevlar127 the Ruffian (Troll Berserker)             Turns: 1167, Time: 00:02:49

Health: -1/67      AC:  4    Str: 27    XL:     4   Next: 19%
Magic:  3/3        EV: 10    Int:  3    God:    Trog [**....]
Gold:   46         SH:  0    Dex:  9    Spells: 3/3 levels left

rFire   . . .      SeeInvis .     - Unarmed
rCold   . . .      Faith    .   (no shield)
rNeg    . . .      Spirit   .   a - +0 animal skin
rPois   .          Reflect  .   (helmet restricted)
rElec   .          Harm     .   (no cloak)
rCorr   .          Rampage  .   (gloves unavailable)
Will    ++...                   (boots unavailable)
Stlth   ..........              (no amulet)
HPRegen 2.01/turn               (no ring)
MPRegen 0.08/turn               (no ring)

@: berserking, strong-willed, regenerating, very quick
A: large, unfitting armour, claws 3, regeneration 1, shaggy fur 1, tough skin 1
a: Renounce Religion, Berserk, Trog's Hand


You were on level 3 of the Dungeon.
You worshipped Trog.
Trog was pleased with you.
You visited 1 branch of the dungeon, and saw 3 of its levels.

You collected 46 gold pieces.

Inventory:

Armour
 a - a +0 animal skin (worn)
Jewellery
 k - a +4 ring of evasion
Scrolls
 b - 4 scrolls of identify {unknown}
 d - 2 scrolls of blinking {unknown}
 e - a scroll of brand weapon {unknown}
 f - a scroll of silence {unknown}
 g - 2 scrolls of poison {unknown}
 i - a scroll of teleportation {unknown}
 j - a scroll of vulnerability {unknown}
 l - a scroll of immolation {unknown}
 m - a scroll of amnesia {unknown}
 n - a scroll of magic mapping {unknown}
Potions
 c - a potion of brilliance {unknown}
 h - 2 potions of heal wounds {unknown}
 o - a potion of curing {unknown}


   Skills:
 + Level 3.3 Fighting
 - Level 2.6 Dodging
 + Level 4.0 Unarmed Combat


You had 3 spell levels left.
You didn't know any spells.
Your spell library was empty.

Dungeon Overview and Level Annotations

Branches:
Dungeon (3/15)

Altars:


Innate Abilities, Weirdness & Mutations

You are too large for most types of armour.
You have claws for hands.
Your natural rate of healing is unusually fast.
You are covered in fur. (AC +1)
You have tough skin. (AC +1)


Message History

You claw the goblin!
You kill the goblin!
Trog accepts your kill. The goblin barely misses you.
The goblin closely misses you. The goblin hits you with a +0 club.
The goblin hits you but does no damage.
You claw Robin!
Robin is severely wounded.
Robin closely misses you. The goblin hits you with a +0 club.
The goblin closely misses you. The goblin hits you with a +0 club.
The goblin hits you but does no damage.
You are too injured to fight recklessly!
You are too injured to fight recklessly!
You are too injured to fight recklessly!
You are too injured to fight recklessly!
You are too injured to fight recklessly!
Unknown command.
Your skin crawls.
You feel strong-willed. Robin hits you but does no damage.
The goblin hits you with a +0 club. x2
* * * LOW HITPOINT WARNING * * *
A goblin comes into view. It is wielding a +0 dagger.
The goblin hits you but does no damage. The goblin hits you with a +0 dagger.
* * * LOW HITPOINT WARNING * * *
A red film seems to cover your vision as you go berserk!
You feel yourself moving faster!
You feel mighty!
Robin says, "Bow before me, strongest of all the hobgoblins!"
The goblin barely misses you. The goblin hits you with a +0 club.
* * * LOW HITPOINT WARNING * * *
The goblin hits you with a +0 club.
* * * LOW HITPOINT WARNING * * *
The goblin barely misses you.
You mangle Robin!!
You kill Robin!
Trog accepts your kill. The goblin barely misses you.
The goblin hits you with a +0 dagger.
* * * LOW HITPOINT WARNING * * *
The goblin hits you with a +0 dagger.
* * * LOW HITPOINT WARNING * * *
The goblin hits you with a +0 club.
You die...

..
....#
#.#
....#
..#
....#
..
...#
♣#.#
#..#


ggg#K.. #ggg# #@# #ggg# ..K#..# ♣#.# #.# .. ## ..# #.# .. You could see 2
hobgoblins, 7 goblins and 2 kobolds.

Vanquished Creatures
  Terence (D:2)
  Robin (D:3)
  An adder (D:2)
  A dart slug (D:1)
  A ball python (D:1)
  7 bats (D:1)
  6 endoplasms
  2 giant cockroaches (D:1)
  5 goblins
  3 hobgoblins
  3 quokkas (D:1)
  A frilled lizard (D:1)
  6 kobolds
  4 rats
42 creatures vanquished.

Notes
Turn   | Place    | Note
-------+----------+-------------------------------------------
     0 | D:1      | kevlar127 the Troll Berserker began the quest for the Orb.
     0 | D:1      | Reached XP level 1. HP: 22/22 MP: 0/0
    81 | D:1      | Reached XP level 2. HP: 29/29 MP: 1/1
   513 | D:1      | Reached XP level 3. HP: 35/36 MP: 2/2
   670 | D:2      | Noticed Terence
   680 | D:2      | Killed Terence
   704 | D:2      | Reached ** piety under Trog
   752 | D:2      | Reached skill level 4 in Unarmed Combat
   752 | D:2      | Reached XP level 4. HP: 39/45 MP: 3/3
  1158 | D:3      | Noticed Robin
  1166 | D:3      | HP: 3/67 [goblin/+0 club[Robin] (4)]
  1167 | D:3      | Killed Robin
  1167 | D:3      | HP: 1/67 [goblin/+0 dagger[Robin] (2)]
  1167 | D:3      | Slain by a goblin

Illustrated notes

Levels and vault maps discovered:
D:1:      spicycebolla_arrival_transporter_tutorial, layout_basic
D:2:      layout_rooms, corexii_shack, minmay_misc_feat_nine_boxes,
          minmay_pentomino_x4, uniq_terence
D:3:      layout_rooms, mainiacjoe_overflow_chevrons, serial_shops, shop,
          kennysheep_doodads, uniq_robin, uniq_sigmund, uniq_jessica

Skill      XL: |  1  2  3 |
---------------+----------+-----
Fighting       | 3 |  3.3
Unarmed Combat | 4 |  4.0
Dodging        | |  2.6

Action                   |  1- 3 |  4- 6 || total
-------------------------+-------+-------++-------
Melee: Unarmed           |    70 |    21 ||    91
       Punch             |     2 |     1 ||     3
Invok: Berserk           |       |     1 ||     1
       Trog's Hand       |       |     1 ||     1
Armor: Animal skin       |    29 |     6 ||    35
Dodge: Dodged            |    47 |    21 ||    68

Table legend: (Time is in decaauts)
 A = Elapsed time spent in this place.
 B = Non-inter-level travel time spent in this place.
 C = Inter-level travel time spent in this place.
 D = Time resting spent in this place.
 E = Time spent auto-exploring this place.
 F = Levels seen in this place.
 G = Mean time per level.
                   A        B        C        D        E       F      G
               +--------+--------+--------+--------+--------+-----+--------+
         Total |   1165 |   1108 |     57 |      0 |    866 |   3 |  388.3 |
       Dungeon |   1165 |   1108 |     57 |      0 |    866 |   3 |  388.3 |
               +--------+--------+--------+--------+--------+-----+--------+

Top non-repeatable levels by time:
     D:1: 663 daAuts
     D:2: 494 daAuts
     D:3: 8 daAuts
